 Dungeon Crawl Stone Soup version 0.21-a0 (webtiles) character file.

4696 Lexie the Destroyer (level 10, -2/56 HPs)
             Began as an Octopode Fire Elementalist on May 19, 2017.
             Was a Believer of Vehumet.
             Slain by a brown ugly thing (8 damage)
             ... on level 8 of the Dungeon.
             The game lasted 00:23:14 (12989 turns).

Lexie the Destroyer (Octopode Fire Elementalist)   Turns: 12989, Time: 00:23:15

Health: -2/56      AC:  1    Str:  8    XL:     10   Next: 45%
Magic:  0/23       EV: 13    Int: 21    God:    Vehumet [**....]
Gold:   539        SH:  0    Dex: 12    Spells: 12/27 levels left

rFire    + . .     SeeInvis .   f - +3 dagger
rCold    . . .     Gourm    .   (no shield)
rNeg     . . .     Faith    .   (helmet restricted)
rPois    .         Spirit   .   (no amulet)
rElec    .         Reflect  .   d - ring of stealth
rCorr    .         Harm     .   M - ring of protection from fire
MR       .....                  (no ring)
Stlth    ++++......             (no ring)
Regen    0.2/turn               (no ring)
MPRegen  0.2/turn               (no ring)
                                (no ring)
                                (no ring)

@: very slightly contaminated
A: almost no armour, stealthy swim, amphibious, 8 rings, constrict 8, camouflage
1, gelatinous body 1
a: Renounce Religion


You were on level 8 of the Dungeon.
You worshipped Vehumet.
Vehumet was pleased with you.
You were very hungry.

You visited 2 branches of the dungeon, and saw 9 of its levels.

You collected 539 gold pieces.

Inventory:

Hand Weapons
 f - a +3 dagger (weapon)
 N - a +0 blowgun
Missiles
 L - a throwing net (quivered)
 O - 22 poisoned needles
Jewellery
 d - a ring of stealth (left tentacle)
 M - a ring of protection from fire (right tentacle)
 P - a +4 ring of evasion {unknown}
Wands
 v - a wand of paralysis (10/24)
 y - a wand of disintegration (4/24)
 H - a wand of lightning (5/15)
 I - a wand of confusion (33/48)
Scrolls
 c - 10 scrolls of identify {unknown}
 j - 2 scrolls of recharging {unknown}
 q - a scroll of amnesia {unknown}
 s - 3 scrolls of enchant armour {unknown}
 t - 6 scrolls of teleportation {unknown}
 w - 5 scrolls of remove curse {unknown}
 z - a scroll of fog {unknown}
 C - 2 scrolls of magic mapping {unknown}
 D - 2 scrolls of immolation {unknown}
 G - a scroll of noise {unknown}
 J - a scroll of enchant weapon {unknown}
Potions
 e - 5 potions of curing {unknown}
 g - 2 potions of cancellation {unknown}
 i - 5 potions of might {unknown}
 k - a potion of mutation {unknown}
 l - a potion of lignification {unknown}
 o - a potion of brilliance {unknown}
 p - 2 potions of magic {unknown}
 r - 2 potions of invisibility {unknown}
 u - 3 potions of degeneration {unknown}
 x - 3 potions of resistance {unknown}
 A - 4 potions of haste
 B - 2 potions of agility {unknown}
 E - a potion of heal wounds {unknown}
Books
 a - a book of Flames

   Spells                             Type                      Level
   a - Flame Tongue                   Conjuration/Fire             1
   b - Throw Flame                    Conjuration/Fire             2
   c - Conjure Flame                  Conjuration/Fire             3
   d - Inner Flame                    Hexes/Fire                   3
   e - Sticky Flame                   Conjuration/Fire             4
   f - Fireball                       Conjuration/Fire             5
 m - a book of Conjurations

   Spells                             Type                      Level
   a - Magic Dart                     Conjuration                  1
   b - Searing Ray                    Conjuration                  2
   c - Dazzling Spray                 Conjuration/Hexes            3
   d - Fulminant Prism                Conjuration/Hexes            4
   e - Force Lance                    Conjuration/Translocation    4
   f - Iskenderun's Mystic Blast      Conjuration                  4
Comestibles
 b - 3 bread rations
 h - 10 fruits
 n - 5 meat rations
 F - 3 royal jellies
 K - 5 chunks of flesh


   Skills:
 + Level 0.0 Fighting
 - Level 2.0 Dodging
 + Level 3.0 Stealth
 * Level 9.1 Spellcasting
 * Level 9.3 Conjurations
 + Level 7.4 Fire Magic


You had 12 spell levels left.
You knew the following spells:

 Your Spells              Type           Power        Failure   Level  Hunger
a - Flame Tongue          Conj/Fire      #####        1%          1    None
b - Throw Flame           Conj/Fire      #####.       1%          2    None
c - Conjure Flame         Conj/Fire      #####...     1%          3    None
d - Sticky Flame          Conj/Fire      #####...     2%          4    ##.....
e - Fireball              Conj/Fire      #####.....   6%          5    #####..


Dungeon Overview and Level Annotations

Branches:
Dungeon (8/15)             Temple (1/1) D:5
   Lair: D:8-11

Altars:
Ashenzari
Cheibriados
Dithmenos
Elyvilon
Fedhas
Gozag
Hepliaklqana
Kikubaaqudgha
Makhleb
Nemelex Xobeh
Okawaru
Qazlal
Ru
Sif Muna
Trog
Uskayaw
Vehumet
Wu Jian
Xom
Yredelemnul
Zin
The Shining One

Shops:
D:8 [

Annotations:
D:2 Robin
D:6 1 runed door


Innate Abilities, Weirdness & Mutations

You cannot wear most types of armour.
You are very stealthy in the water. (Stealth+)
You are amphibious.
You can wear up to eight rings at the same time.
You can use your tentacles to constrict eight enemies at once.
Your skin changes colour to match your surroundings (Stealth+).
Your rubbery body absorbs attacks. (AC +1, EV +1)


Message History

You are splashed with acid!
The acid burns!
* * * LOW HITPOINT WARNING * * *
A centaur comes into view.
The centaur moves out of view.
Things that are here:
a giant spiked club; a dire flail; a dagger
Casting: Sticky Flame
Confirm with . or Enter, or press ? or * to list all spells.
You don't have enough magic to cast that spell.
Casting: Sticky Flame
Confirm with . or Enter, or press ? or * to list all spells.
Aiming: Sticky Flame
Press: ? - help, Shift-Dir - straight line, f/p - brown ugly thing
Aim: a brown ugly thing (severely wounded)
The sticky flame hits the brown ugly thing.
The brown ugly thing is almost dead.
The brown ugly thing is covered in liquid flames!
You are feeling very hungry.
The brown ugly thing burns!
The brown ugly thing kicks you!
You die...

#>......P.P)(...P♣P♣P..P.P.P♣P.
#.#.........).....P.P......P.P.
###.##........(........).........
....#....#.)..)...###..#<.##....#
.##.#.##.###.....#...............
.#.......................########
.#..#.........(..#.#.....# #.
.#..#......[.).)u#.#############.
.#..#....#####(#@#.#..........##.
.#..#..........#÷#.#.########.##.
.#..####.#######.#.#.#......#.##.
.........#.(....(#.#.#.####.#.##.
##.......(...........)...........
#.#######.......).#.#.###..#....
##'## ########...#.#.###..#....
....# #..........#.#...........
....# #........#.#.#####..###).


You could see a brown ugly thing (burning).

Vanquished Creatures
  2 two-headed ogres (D:8)
  Grinder (D:4)
  A hippogriff (D:7)
  Menkaure (D:7)
  An ice beast (D:8)
  2 phantoms (D:7)
  An ogre (D:6)
  An orc warrior (D:8)
  4 centaurs
  2 bullfrogs
  2 big kobolds (D:8)
  A gnoll sergeant (D:8)
  5 wights (D:7)
  2 howler monkeys (D:8)
  5 crimson imps
  A bullfrog zombie (D:7)
  2 orc priests (D:5)
  7 hounds
  8 orc wizards
  2 jellies
  Jessica (D:2)
  A centaur skeleton (D:6)
  3 gnoll shamans
  An iguana (D:6)
  Ijyb (D:4)
  4 worker ants
  A howler monkey skeleton (D:5)
  18 gnolls
  14 adders
  6 river rats
  An ooze (D:2)
  6 worms
  3 dart slugs
  6 leopard geckos
  26 orcs
  3 bats
  6 giant cockroaches
  18 goblins
  10 hobgoblins
  3 jackals (D:8)
  15 kobolds
  A quokka (D:7)
  A ball python (D:3)
  A ball python skeleton (D:4)
  2 frilled lizards
  A leopard gecko skeleton (D:5)
  A leopard gecko zombie (D:8)
  A quokka zombie (D:7)
  8 rats
214 creatures vanquished.

Notes
Turn   | Place    | Note
-------+----------+-------------------------------------------
     0 | D:1      | Lexie the Octopode Fire Elementalist began the quest for the Orb.
     0 | D:1      | Reached XP level 1. HP: 11/11 MP: 3/3
    90 | D:1      | Reached XP level 2. HP: 17/17 MP: 0/5
   805 | D:2      | Reached XP level 3. HP: 21/21 MP: 4/6
   809 | D:2      | Learned a level 2 spell: Throw Flame
   813 | D:2      | Learned a level 3 spell: Conjure Flame
   926 | D:2      | Found an iron altar of Okawaru.
  1050 | D:2      | Noticed Jessica
  1055 | D:2      | Killed Jessica
  1055 | D:2      | Reached XP level 4. HP: 27/27 MP: 4/8
  1163 | D:2      | Noticed Robin
  2267 | D:3      | Reached XP level 5. HP: 31/31 MP: 10/10
  2352 | D:3      | Learned a level 4 spell: Sticky Flame
  2549 | D:4      | Noticed an ogre
  2663 | D:4      | Noticed Menkaure
  2873 | D:2      | HP: 1/31 [goblin/dagger[Robin] (5)]
  3317 | D:4      | Noticed Grinder
  3669 | D:4      | Noticed Ijyb
  3896 | D:4      | Found a stormy altar of Qazlal.
  4176 | D:4      | Reached XP level 6. HP: 30/36 MP: 8/11
  4190 | D:4      | Killed Ijyb
  4529 | D:5      | Entered Level 5 of the Dungeon
  5325 | D:4      | Paralysed by Grinder for 3 turns
  5332 | D:4      | Killed Grinder
  5332 | D:4      | Reached XP level 7. HP: 41/41 MP: 2/14
  5574 | D:5      | Reached skill level 5 in Spellcasting
  6644 | D:5      | Reached skill level 5 in Conjurations
  6939 | D:6      | Reached XP level 8. HP: 46/46 MP: 10/16
  7126 | D:6      | Reached skill level 5 in Fire Magic
  7548 | D:6      | Found a runed door.
  9175 | D:5      | Found a staircase to the Ecumenical Temple.
  9290 | Temple   | Entered the Ecumenical Temple
  9392 | Temple   | Became a worshipper of Vehumet
  9514 | D:7      | Killed Menkaure
  9554 | D:7      | Found a glowing silver altar of Zin.
  9673 | D:7      | Reached XP level 9. HP: 44/51 MP: 13/19
 10992 | D:8      | Reached * piety under Vehumet
 10992 | D:8      | Offered knowledge of Sting by Vehumet.
 10996 | D:8      | Noticed a two-headed ogre
 11010 | D:8      | Killed a two-headed ogre
 11251 | D:8      | Learned a level 5 spell: Fireball
 11319 | D:8      | Reached XP level 10. HP: 41/56 MP: 2/22
 11566 | D:8      | Noticed a two-headed ogre
 11581 | D:8      | Killed a two-headed ogre
 11755 | D:8      | Found Egid's Antique Armour Shop.
 11877 | D:8      | Offered knowledge of Shock by Vehumet.
 11880 | D:8      | Reached ** piety under Vehumet
 12966 | D:8      | Noticed a brown ugly thing
 12989 | D:8      | Slain by a brown ugly thing

Vault maps used:
D:1:      lightli_arrival_boilingwater
D:2:      minmay_misc_feat_doors, mrwooster_statue_mirror, okawaru_gym_becter,
          uniq_robin, uniq_jessica
D:3:      first_bread
D:4:      grunt_qazlal_sundering, uniq_grinder, uniq_menkaure, uniq_ijyb
D:5:      minmay_temple_entry_fiery, lightli_sewer_entry_pipes
D:6:      serial_glass, glass_columns_a, glass_columns_c,
          uniq_crazy_yiuf_cottage
D:7:      zin_academy, kennysheep_minor_cross
D:8:      kennysheep_housing_project, serial_shops, nicolae_shop_trees
Temple:   regret_index_temple_sigil_plot

Skill      XL: |  1  2  3  4  5  6  7  8  9 10 |
---------------+-------------------------------+-----
Conjurations   | 2 3 4 5 7 8 9 |  9.3
Spellcasting   | 3 4 5 6 8 9 |  9.1
Fire Magic     | 4 5 6 7 |  7.4
Stealth        | 3 |  3.0
Dodging        | |  2.0

Action                   |  1- 3 |  4- 6 |  7- 9 | 10-12 || total
-------------------------+-------+-------+-------+-------++-------
Melee: Dagger            |     8 |    59 |    96 |    15 ||   178
       Constrict         |     4 |    14 |    22 |     2 ||    42
       Unarmed           |     2 |       |       |       ||     2
       Tentacles         |     1 |     7 |    18 |     1 ||    27
 Cast: Flame Tongue      |    28 |    82 |   120 |    58 ||   288
       Throw Flame       |     2 |    28 |    43 |    41 ||   114
       Sticky Flame      |       |     5 |    21 |     8 ||    34
       Conjure Flame     |       |       |     3 |     1 ||     4
       Fireball          |       |       |     1 |     3 ||     4
Evoke: Wand              |       |     1 |       |       ||     1
 Stab: Sleeping          |       |       |     3 |       ||     3
  Eat: Chunk             |     1 |    13 |    13 |     7 ||    34
       Royal jelly       |       |     1 |     1 |       ||     2
       Meat ration       |       |       |     1 |       ||     1
Armor: Skin              |     2 |     9 |     9 |     2 ||    22
Dodge: Dodged            |     6 |    91 |    98 |    32 ||   227
